Map: Rooftop Terrace

Players

Infamous

  • Race: Protoss Protoss
  • Spawn Location: 12:00

DeadlyHunter

  • Race: Terran Terran
  • Spawn Location: 1:00

Hed

  • Race: Terran Terran
  • Spawn Location: 11:00

Mikasa

  • Race: Protoss Protoss
  • Spawn Location: 12:00

BigPharma

  • Race: Zerg Zerg
  • League: Diamond
  • Spawn Location: 6:00

GARODT

  • Race: Terran Terran
  • Spawn Location: 6:00

Leonardo

  • Race: Zerg Zerg
  • League: Silver
  • Spawn Location: 7:00

Adrian

  • Race: Protoss Protoss
  • Spawn Location: 5:00

VOD

Have the link to the VOD?

Description

Time

  • Played on: Jan. 25, 2018, 9:20 a.m.
  • Length: 7:34
Show
View Real Time Build Order
Export as new Build Order

Infamous Protoss 

Build Orders: Blink Stalkers 

Get SALT Encoding   

  12  0:02  Probe  
  13  0:14  Probe  
  14  0:26  Probe (Chrono Boost)  
  14  0:28  Pylon  
  15  0:35  Assimilator  
  15  0:45  Probe  
  16  0:50  Gateway  
  16  1:01  Probe (Chrono Boost)  
  18  1:12  Probe (Chrono Boost)  
  18  1:17  Probe (Chrono Boost)  
  18  1:22  Pylon  
  19  1:35  Probe  
  19  1:37  Zealot  
  22  1:48  Pylon  
  22  1:55  Cybernetics Core  
  22  2:00  Probe  
  23  2:03  Assimilator  
  23  2:13  Zealot  
  25  2:30  Gateway  
  25  2:31  Gateway, Warp Gate (Chrono Boost)  
  26  2:58  Probe  
  26  3:01  Stalker  
  28  3:15  Probe, Twilight Council  
  29  3:28  Probe  
  29  3:30  Nexus  
  29  3:31  Sentry  
  32  3:47  Adept  
  34  3:49  Blink (Chrono Boost)  
  34  3:50  Probe  
  35  4:02  Pylon  
  35  4:13  Protoss Air Weapons Level 1 (Chrono Boost)  
  35  4:24  Stalker  
  35  4:25  Stalker  
  39  4:35  Probe (Chrono Boost)  
  40  4:44  Probe (Chrono Boost)  
  42  4:53  Probe (Chrono Boost)  
  42  4:57  Probe (Chrono Boost)  
  43  5:11  Stalker x2  
  43  5:12  Stalker  
  49  5:18  Probe  
  50  5:27  Assimilator  
  50  5:31  Probe, Assimilator  
  50  5:34  Probe  
  52  5:40  Robotics Facility  
  52  5:52  Probe (Chrono Boost)  
  52  5:54  Pylon  
  53  5:58  Pylon  
  53  6:01  Probe (Chrono Boost)  
  54  6:08  Sentry  
  54  6:10  Sentry x2  
  60  6:22  Gateway  
  60  6:24  Gateway  
  60  6:27  Gateway  
  60  6:28  Probe  
  61  6:34  Probe  
  61  6:38  Immortal  
  56  6:59  Stalker x3  
Show
View Real Time Build Order
Export as new Build Order

DeadlyHunter Terran 

Build Orders:  

Get SALT Encoding   

  12  0:31  Supply Depot  
  12  0:37  Engineering Bay  
  12  0:56  Refinery  
  12  1:03  Refinery  
  12  1:21  Barracks  
  12  1:33  Missile Turret  
  12  1:39  Missile Turret  
  12  1:45  SCV  
  13  1:57  SCV  
  14  2:09  SCV  
  14  2:13  Barracks Tech Lab  
  15  2:21  SCV  
  16  2:50  Marine, Factory  
  17  3:08  Marine  
  18  3:26  Marine  
  19  3:40  Starport  
  19  3:42  Factory Tech Lab  
  19  3:44  Marine  
  19  3:45  Armory  
  20  4:02  Marine  
  21  4:19  Marine  
  22  4:29  Supply Depot  
  22  4:30  Supply Depot  
  22  4:33  Supply Depot  
  22  4:37  Marine  
  23  4:40  Starport Tech Lab  
  23  4:55  Marine  
  24  5:02  Siege Tank  
  27  5:13  Marine  
Show
View Real Time Build Order
Export as new Build Order

Hed Terran 

Build Orders: Command Center First (CC) 

Get SALT Encoding   

  12  0:14  Supply Depot  
  12  0:20  SCV  
  13  0:32  SCV  
  14  0:44  SCV  
  15  0:56  SCV  
  16  1:08  SCV  
  17  1:12  Command Center  
  17  1:21  Engineering Bay  
  17  1:30  Supply Depot  
  17  1:34  SCV  
  17  1:36  Supply Depot  
  18  1:46  SCV  
  19  1:58  SCV  
  20  2:05  Barracks  
  20  2:10  SCV  
  21  2:17  Barracks  
  21  2:27  SCV  
  21  2:28  Barracks  
  22  2:36  Refinery  
  22  2:39  SCV  
  22  2:43  Refinery  
  23  2:45  SCV  
  23  2:51  SCV  
  25  2:57  SCV  
  26  3:03  SCV  
  27  3:09  SCV  
  28  3:15  SCV  
  28  3:19  Refinery  
  29  3:20  Refinery  
  29  3:22  Barracks Reactor  
  29  3:24  Barracks Reactor  
  29  3:27  SCV  
  29  3:28  Barracks Tech Lab  
  29  3:33  SCV  
  31  3:39  SCV  
  32  3:45  SCV  
  32  3:46  Terran Infantry Weapons Level 1  
  33  3:51  SCV  
  34  3:58  Stimpack, SCV  
  35  4:03  SCV  
  35  4:05  Marine x4  
  35  4:08  Marauder  
  42  4:16  SCV  
  43  4:23  Marine x4  
  47  4:28  SCV  
  47  4:30  Marauder  
  50  4:31  Orbital Command  
  50  4:41  Marine x4  
  54  4:46  Orbital Command  
  54  4:59  Supply Depot  
  54  5:00  Supply Depot  
  54  5:03  Supply Depot  
  54  5:20  Marine x2  
  54  5:21  Marine x2, Marauder  
  60  5:38  Marine x4, SCV  
  60  5:40  Terran Infantry Armor Level 1  
  67  5:42  Marauder  
  67  5:47  Factory  
  67  5:50  SCV  
  68  6:02  SCV  
  71  6:04  Marauder  
  71  6:05  Marine x4  
  75  6:19  Barracks  
  75  6:21  Barracks  
  75  6:23  Marine x4, Concussive Shells  
  75  6:25  Marauder  
  81  6:32  Factory Tech Lab  
  81  6:36  Starport  
  81  6:40  Marine  
  81  6:41  Marine x3  
  81  6:47  Marauder  
Show
View Real Time Build Order
Export as new Build Order

Mikasa Protoss 

Build Orders: Double Forge 

Get SALT Encoding   

  12  0:10  Probe  
  13  0:22  Probe (Chrono Boost)  
  13  0:25  Pylon  
  14  0:34  Probe (Chrono Boost)  
  15  0:42  Probe (Chrono Boost)  
  16  0:51  Probe  
  16  0:55  Gateway  
  17  1:03  Probe  
  18  1:07  Assimilator  
  18  1:14  Forge  
  18  1:15  Probe  
  19  1:27  Probe  
  20  1:43  Zealot (Chrono Boost)  
  20  1:46  Pylon  
  22  1:56  Assimilator  
  22  2:02  Cybernetics Core, Zealot  
  22  2:07  Photon Cannon  
  24  2:27  Pylon  
  24  2:28  Pylon  
  24  2:29  Probe (Chrono Boost)  
  25  2:33  Zealot  
  27  2:39  Probe (Chrono Boost)  
  28  2:44  Probe (Chrono Boost)  
  28  2:50  Pylon  
  29  2:56  Twilight Council  
  29  3:04  Stargate  
  29  3:19  Gateway  
  29  3:40  Nexus  
  29  3:47  Stalker  
  31  4:04  Dark Shrine  
  31  4:06  Charge  
  31  4:22  Robotics Facility  
  31  4:28  Pylon  
  31  4:31  Stalker  
  33  4:51  Forge  
Show
View Real Time Build Order
Export as new Build Order

BigPharma Zerg 

Build Orders: Hatch First 

Get SALT Encoding   

  12  0:02  Drone  
  13  0:08  Drone  
  14  0:17  Overlord  
  14  0:36  Drone x2  
  14  0:37  Drone  
  17  0:47  Drone  
  18  1:04  Drone, Hatchery  
  18  1:09  Drone  
  19  1:18  Spawning Pool  
  18  1:21  Extractor  
  18  1:22  Drone  
  18  1:45  Drone x2  
  21  1:54  Drone  
  21  2:06  Drone  
  22  2:16  Drone  
  23  2:23  Metabolic Boost  
  23  2:26  Hatchery  
  22  2:33  Drone  
  23  2:40  Queen  
  23  2:41  Queen  
  27  2:44  Extractor  
  27  2:46  Drone x2  
  28  3:18  Overlord x3  
  28  3:19  Overlord x3  
  28  3:27  Lair  
  28  3:37  Queen  
  30  3:45  Drone x4  
  34  3:53  Baneling Nest  
  33  4:03  Zergling x6  
  36  4:11  Zergling x6  
  36  4:12  Zergling x2  
  40  4:21  Zergling x6  
  43  4:35  Zergling x4  
  43  4:36  Zergling x6  
  43  4:37  Zergling x2  
  49  4:41  Baneling, Zergling x2  
  49  4:42  Baneling  
  50  4:54  Zergling x4  
  50  4:55  Zergling x6  
  50  4:57  Baneling  
  50  4:58  Baneling  
  50  4:59  Baneling  
  55  5:08  Zergling x2  
  55  5:09  Zergling x4  
  55  5:10  Zergling x2  
  59  5:25  Zergling x10  
  60  5:31  Zergling x6  
  63  5:37  Zergling x4  
  63  5:47  Centrifical Hooks  
  63  5:53  Drone x3  
  66  6:03  Zergling x2  
  67  6:04  Zergling x6  
  70  6:21  Zergling x2  
  70  6:22  Zergling x12  
  75  6:41  Drone  
  75  6:42  Drone x8  
  65  7:04  Zergling x18  
  67  7:17  Drone x8  
Show
View Real Time Build Order
Export as new Build Order

GARODT Terran 

Build Orders:  

Get SALT Encoding   

  12  0:01  SCV  
  13  0:13  SCV  
  14  0:19  Supply Depot  
  14  0:25  SCV  
  15  0:30  Refinery  
  15  0:43  Barracks  
  15  0:46  SCV  
  16  0:54  Refinery  
  16  0:58  SCV  
  17  1:10  Barracks  
  17  1:14  SCV  
  18  1:27  SCV  
  19  1:36  Barracks Tech Lab  
  19  1:43  Barracks  
  19  1:48  SCV  
  20  2:02  Barracks Tech Lab  
  20  2:08  Engineering Bay  
  20  2:09  SCV  
  20  2:13  Concussive Shells  
  21  2:26  Supply Depot  
  21  2:28  SCV  
  22  2:33  Barracks Tech Lab  
  22  2:46  Missile Turret  
  22  2:48  Marauder  
  24  2:57  Marauder x2  
  28  3:04  Supply Depot  
  28  3:11  Marauder  
  30  3:26  Marauder x2  
  34  3:33  Supply Depot  
  34  3:36  Stimpack  
  34  3:41  Marauder  
  34  3:48  Marauder  
  38  3:55  Marauder  
  40  4:03  Marauder  
  40  4:09  Marauder  
  44  4:14  Orbital Command  
  44  4:19  Marauder  
  46  4:48  Supply Depot  
  46  5:00  Marauder  
  46  5:06  Marauder  
  46  5:10  Marauder  
  48  5:22  Marauder  
  48  5:27  Marauder  
  52  5:31  Marauder  
  54  5:58  Supply Depot  
  54  5:59  Supply Depot  
  54  6:11  Supply Depot x2  
  54  6:12  Supply Depot  
  54  6:16  Command Center  
  54  6:20  Marauder  
  34  7:12  Marauder x3  
Show
View Real Time Build Order
Export as new Build Order

Leonardo Zerg 

Build Orders: Hatch First 

Get SALT Encoding   

  12  0:03  Drone  
  13  0:13  Overlord  
  13  0:21  Drone  
  14  0:28  Extractor  
  13  0:34  Drone  
  14  0:56  Drone  
  15  0:57  Drone  
  15  1:01  Drone, Hatchery  
  16  1:12  Drone  
  17  1:24  Overlord  
  17  1:34  Spawning Pool  
  17  1:37  Drone  
  17  1:57  Drone x2  
  19  2:02  Drone  
  20  2:13  Drone  
  20  2:14  Drone  
  22  2:21  Queen x2  
  26  2:25  Drone x2  
  28  2:34  Drone  
  29  2:45  Drone x2, Roach Warren  
  30  2:57  Spore Crawler  
  29  3:02  Drone x3  
  32  3:10  Drone x2  
  34  3:13  Lair  
  34  3:16  Overlord  
  34  3:23  Extractor  
  33  3:27  Drone  
  33  3:29  Drone x2  
  36  3:34  Overlord  
  36  3:35  Overlord x2  
  36  3:44  Drone  
  36  3:45  Drone x3  
  40  3:53  Drone  
  41  3:56  Extractor x2  
  41  3:59  Drone  
  40  4:04  Overlord  
  40  4:15  Roach x3  
  40  4:16  Roach x4  
  54  4:21  Overseer  
  54  4:24  Drone x2  
  56  4:32  Drone  
  56  4:34  Drone  
  58  4:40  Glial Reconstitution  
  58  4:43  Overlord x2  
  58  4:52  Drone x2  
  60  4:53  Drone  
  61  5:23  Roach x5  
  61  5:24  Roach x2  
  75  5:29  Drone  
  75  5:32  Hatchery  
  75  5:35  Extractor  
  74  5:36  Extractor  
  74  5:37  Hydralisk Den  
  74  5:39  Drone  
  74  5:40  Drone  
  74  5:41  Evolution Chamber x2  
  74  5:42  Evolution Chamber  
  71  5:43  Drone  
  71  5:47  Drone  
  73  5:51  Drone x2  
  73  5:52  Drone  
  73  5:54  Drone  
  77  5:57  Drone  
  78  6:05  Drone  
  79  6:14  Drone x3  
  82  6:19  Muscular Augments  
  82  6:20  Hydralisk x2  
  86  6:26  Drone x2  
  88  6:33  Overlord  
  88  6:38  Infestation Pit  
  87  6:40  Overlord  
  87  6:54  Hydralisk  
  87  6:55  Hydralisk x5  
Show
View Real Time Build Order
Export as new Build Order

Adrian Protoss 

Build Orders:  

Get SALT Encoding   

  12  0:02  Probe (Chrono Boost)  
  13  0:12  Probe (Chrono Boost)  
  14  0:31  Probe  
  15  0:36  Pylon  
  15  0:54  Probe (Chrono Boost)  
  16  1:03  Gateway  
  16  1:06  Probe (Chrono Boost)  
  17  1:13  Probe (Chrono Boost)  
  18  1:43  Pylon  
  18  1:44  Assimilator  
  18  1:46  Probe  
  19  1:48  Assimilator  
  19  1:58  Probe  
  20  2:18  Cybernetics Core  
  20  2:35  Probe (Chrono Boost)  
  21  2:44  Pylon  
  22  2:45  Probe (Chrono Boost)  
  22  2:46  Gateway  
  22  2:50  Probe (Chrono Boost)  
  22  2:51  Gateway  
  22  2:55  Gateway  
  22  2:56  Warp Gate  
  23  2:58  Stalker  
  23  3:01  Probe  
  26  3:13  Probe  
  27  3:20  Nexus  
  27  3:25  Probe (Chrono Boost)  
  28  3:29  Stalker  
  31  3:35  Probe (Chrono Boost)  
  31  3:38  Stalker  
  33  3:44  Stalker  
  35  3:52  Stalker  
  37  4:00  Probe (Chrono Boost)  
  38  4:12  Probe (Chrono Boost)  
  39  4:23  Pylon  
  39  4:26  Pylon  
  39  4:30  Pylon  
  39  4:32  Probe, Stalker  
  39  4:34  Pylon  
  42  4:40  Pylon  
  42  5:03  Probe  
  43  5:11  Gateway  
  43  5:13  Stalker  
  43  5:14  Stalker  
  47  5:15  Probe (Chrono Boost)  
  47  5:16  Stalker  
  50  5:27  Probe (Chrono Boost)  
  51  5:32  Probe (Chrono Boost)  
  52  5:39  Gateway  
  52  5:42  Probe  
  53  5:43  Gateway  
  53  5:50  Pylon  
  53  5:54  Probe  
  54  6:06  Probe  
  55  6:13  Stalker x2  
  55  6:14  Stalker  
  55  6:18  Probe  
  62  6:19  Stalker  
Tags
 
Add a new tag
Caveats
  • Supply blocks, unpowered buildings, or Contaminate may cause inaccurate times.
  • Supply counts are checked every 10 seconds.